 Dungeon Sprint DCSS version 0.21-a0-417-g0adc95b (webtiles) character file.

108 Crelarid the Charmwright (level 4, -20/39 HPs)
             Began as a Gnoll Skald on Nov 3, 2017.
             Was a Priest of Yredelemnul.
             Demolished by an earth elemental (30 damage)
             ... summoned by a deep elf mage
             ... in the Dungeon (Sprint VII: "The Pits").
             The game lasted 00:02:53 (213 turns).

Crelarid the Charmwright (Gnoll Skald)               Turns: 213, Time: 00:02:54

Health: -20/39     AC: 10    Str: 15    XL:     4   Next: 87%
Magic:  11/11      EV: 12    Int: 15    God:    Yredelemnul [***...]
Gold:   0          SH:  0    Dex: 14    Spells: 13/14 levels left

rFire    . . .     SeeInvis .   k - +2 quarterstaff (drain)
rCold    . . .     Gourm    .   (shield currently unavailable)
rNeg     . . .     Faith    .   r - +3 scale mail
rPois    .         Spirit   .   (no helmet)
rElec    .         Reflect  .   (no cloak)
rCorr    .         Harm     .   (no gloves)
MR       .....     NoTele   +   (no boots)
Stlth    +.........             (no amulet)
HPRegen  0.13/turn              (no ring)
MPRegen  0.12/turn              (no ring)

@: berserk cooldown, slowed, very slow
A: distributed training, fangs 1, strong nose
a: Recall Undead Slaves, Injury Mirror, Animate Dead, Renounce Religion


You were in the Dungeon.
You worshipped Yredelemnul.
Yredelemnul was most pleased with you.
You were not hungry.

You visited 1 branch

Inventory:

Hand Weapons
 a - a +0 falchion
 k - a +2 quarterstaff of draining (weapon)
Armour
 b - a +0 leather armour
 r - a +3 scale mail (worn)
Scrolls
 j - a scroll of blinking
 m - 3 scrolls of remove curse
 n - 5 scrolls of amnesia
 o - a scroll of summoning
Potions
 e - 6 potions of curing
 f - 6 potions of heal wounds
 g - a potion of haste
 h - 4 potions of magic
 i - 2 potions of berserk rage
 l - 2 potions of invisibility
Books
 c - a book of Battle

   Spells                             Type                      Level
   a - Infusion                       Charms                       1
   b - Shroud of Golubria             Charms/Translocation         2
   c - Song of Slaying                Charms                       2
   d - Spectral Weapon                Hexes/Charms                 3
   e - Regeneration                   Charms/Necromancy            3
Comestibles
 d - 8 bread rations
 p - 40 fruits
 q - 7 meat rations


   Skills:
 + Level 5.5 Fighting
 + Level 3.0 Short Blades
 + Level 5.5 Long Blades
 + Level 3.0 Axes
 + Level 3.0 Maces & Flails
 + Level 3.0 Polearms
 + Level 3.0 Staves
 + Level 3.0 Slings
 + Level 3.0 Bows
 + Level 3.0 Crossbows
 + Level 3.0 Throwing
 + Level 4.0 Armour
 + Level 5.5 Dodging
 + Level 3.0 Stealth
 + Level 3.0 Shields
 + Level 3.0 Unarmed Combat
 + Level 5.8 Spellcasting
 + Level 2.4 Conjurations
 + Level 2.4 Hexes
 + Level 6.0 Charms
 + Level 2.4 Summonings
 + Level 2.4 Necromancy
 + Level 2.4 Translocations
 + Level 2.4 Transmutations
 + Level 2.4 Fire Magic
 + Level 2.4 Ice Magic
 + Level 2.4 Air Magic
 + Level 2.4 Earth Magic
 + Level 2.4 Poison Magic
 + Level 3.2 Invocations
 + Level 3.0 Evocations


You had 13 spell levels left.
You knew the following spells:

 Your Spells              Type           Power        Failure   Level  Hunger
a - Infusion              Chrm           ###.         4%          1    None


Dungeon Overview and Level Annotations

Branches:
Dungeon (1/1)

Altars:
Ashenzari
Cheibriados
Dithmenos
Elyvilon
Fedhas
Gozag
Hepliaklqana
Kikubaaqudgha
Makhleb
Nemelex Xobeh
Okawaru
Qazlal
Ru
Sif Muna
Trog
Uskayaw
Vehumet
Wu Jian
Xom
Yredelemnul
Zin
The Shining One
Beogh
Jiyva
Lugonu

Annotations:
D Sigmund


Innate Abilities, Weirdness & Mutations

Your experience applies equally to all skills.
You have very sharp teeth.
Your uncanny sense of smell can sniff out nearby items.


Message History

The gnoll shaman hits your mummy with a whip of flaming.
The gnoll shaman burns your mummy.
Your mummy is destroyed!
You hear a shout!
Okay, then.
Sigmund the Dreaded comes into view.
He is wielding a scythe.
The earth elemental hits you!
There is an open door, spattered with blood here.
Items here: )) †† a whip; a spear; a gnoll corpse x2
You hit the earth elemental but do no damage.
The deep elf mage gestures wildly while chanting.
The earth elemental hits you!!
Ouch! That really hurt!
* * * LOW HITPOINT WARNING * * *
Your scale mail prevents you from hitting the earth elemental.
The earth elemental hits you!!
Ouch! That really hurt!
You die...
Your body rises from the dead as a mindless zombie.

#'#####'#####.....
#.#.(.#.#..##.....
#.#(..#.#))#####'#
#.#(..).#))##.....
#.##)####))##.....
#.#.†...#.[##.....
#.#.....#'###...<.
#.#........##.....
#@#........##.....
#E###########.....
#eg.g...# ######
#gg#@#..# #E## #
∆∆ #.. ∆ #.# ∆ #..
#..


You could see 2 earth elementals, a deep elf mage, a gnoll shaman and 2 gnolls.

Vanquished Creatures
  2 jellies (D)
  3 gnolls (D)
  A river rat (D)
  A ball python (D)
  2 hobgoblins (D)
  3 jackals (D)
  2 kobolds (D)
  A quokka skeleton (D)
15 creatures vanquished.

Vanquished Creatures (others)
  A mummy (D)
  A jackal zombie (D)
2 creatures vanquished.

Grand Total: 17 creatures vanquished

Notes
Turn   | Place    | Note
-------+----------+-------------------------------------------
     0 | D        | Crelarid the Gnoll Skald began the quest for the Orb.
     0 | D        | Reached XP level 1. HP: 20/20 MP: 6/6
    48 | D        | Found a bloodstained altar of Trog.
    48 | D        | Found a deep blue altar of Sif Muna.
    48 | D        | Found a viscous altar of Jiyva.
    48 | D        | Found a hazy altar of Hepliaklqana.
    48 | D        | Found an opulent altar of Gozag.
    49 | D        | Found a glowing golden altar of the Shining One.
    49 | D        | Found a glowing silver altar of Zin.
    49 | D        | Found a basalt altar of Yredelemnul.
    49 | D        | Found a shimmering altar of Xom.
    49 | D        | Found an ornate altar of the Wu Jian Council.
    49 | D        | Found a sacrificial altar of Ru.
    49 | D        | Found a stormy altar of Qazlal.
    49 | D        | Found an iron altar of Okawaru.
    49 | D        | Found a sparkling altar of Nemelex Xobeh.
    49 | D        | Found a burning altar of Makhleb.
    49 | D        | Found a blossoming altar of Fedhas.
    49 | D        | Found a white marble altar of Elyvilon.
    49 | D        | Found a shadowy altar of Dithmenos.
    49 | D        | Found a snail-covered altar of Cheibriados.
    51 | D        | Found a radiant altar of Vehumet.
    51 | D        | Found a corrupted altar of Lugonu.
    51 | D        | Found a roughly hewn altar of Beogh.
    52 | D        | Found a hide-covered altar of Uskayaw.
    52 | D        | Found an ancient bone altar of Kikubaaqudgha.
    52 | D        | Found a shattered altar of Ashenzari.
    56 | D        | Became a worshipper of Yredelemnul the Dark
    81 | D        | Reached skill level 5 in Spellcasting
    82 | D        | Reached * piety under Yredelemnul
    82 | D        | Reached skill level 1 in Invocations
   100 | D        | Reached skill level 1 in Short Blades
   100 | D        | Reached skill level 1 in Axes
   100 | D        | Reached skill level 1 in Maces & Flails
   100 | D        | Reached skill level 1 in Polearms
   100 | D        | Reached skill level 1 in Staves
   100 | D        | Reached skill level 1 in Slings
   100 | D        | Reached skill level 1 in Bows
   100 | D        | Reached skill level 1 in Crossbows
   100 | D        | Reached skill level 1 in Throwing
   100 | D        | Reached skill level 1 in Stealth
   100 | D        | Reached skill level 1 in Shields
   100 | D        | Reached skill level 1 in Unarmed Combat
   100 | D        | Reached skill level 1 in Evocations
   100 | D        | Reached XP level 2. HP: 26/26 MP: 5/8
   109 | D        | Reached ** piety under Yredelemnul
   109 | D        | Reached skill level 1 in Conjurations
   109 | D        | Reached skill level 1 in Hexes
   109 | D        | Reached skill level 1 in Summonings
   109 | D        | Reached skill level 1 in Necromancy
   109 | D        | Reached skill level 1 in Translocations
   109 | D        | Reached skill level 1 in Transmutations
   109 | D        | Reached skill level 1 in Fire Magic
   109 | D        | Reached skill level 1 in Ice Magic
   109 | D        | Reached skill level 1 in Air Magic
   109 | D        | Reached skill level 1 in Earth Magic
   109 | D        | Reached skill level 1 in Poison Magic
   112 | D        | Reached skill level 5 in Fighting
   112 | D        | Reached skill level 5 in Long Blades
   112 | D        | Reached skill level 5 in Dodging
   112 | D        | Reached XP level 3. HP: 28/33 MP: 7/9
   200 | D        | Reached *** piety under Yredelemnul
   200 | D        | Reached XP level 4. HP: 39/39 MP: 9/11
   205 | D        | Received a gift from Yredelemnul (a mummy)
   206 | D        | Noticed a deep elf mage
   207 | D        | Reached skill level 6 in Charms
   208 | D        | Noticed an earth elemental
   210 | D        | Noticed Sigmund
   213 | D        | Noticed an earth elemental
   213 | D        | Demolished by an earth elemental

Vault maps used:
D:        pitsprint

Skill      XL: |  1  2  3  4 |
---------------+-------------+-----
Spellcasting   | 5 |  5.8
Invocations    | 1 2 3 |  3.2
Short Blades   | 1 2 3 |  3.0
Axes           | 1 2 3 |  3.0
Maces & Flails | 1 2 3 |  3.0
Polearms       | 1 2 3 |  3.0
Staves         | 1 2 3 |  3.0
Slings         | 1 2 3 |  3.0
Bows           | 1 2 3 |  3.0
Crossbows      | 1 2 3 |  3.0
Throwing       | 1 2 3 |  3.0
Stealth        | 1 2 3 |  3.0
Shields        | 1 2 3 |  3.0
Unarmed Combat | 1 2 3 |  3.0
Evocations     | 1 2 3 |  3.0
Conjurations   | 1 2 |  2.4
Hexes          | 1 2 |  2.4
Summonings     | 1 2 |  2.4
Necromancy     | 1 2 |  2.4
Translocations | 1 2 |  2.4
Transmutations | 1 2 |  2.4
Fire Magic     | 1 2 |  2.4
Ice Magic      | 1 2 |  2.4
Air Magic      | 1 2 |  2.4
Earth Magic    | 1 2 |  2.4
Poison Magic   | 1 2 |  2.4
Fighting       | 5 |  5.5
Long Blades    | 5 |  5.5
Armour         | 3 4 |  4.0
Dodging        | 5 |  5.5
Charms         | 6 |  6.0

Action                   |  1- 3 |  4- 6 || total
-------------------------+-------+-------++-------
Melee: Quarterstaff      |    25 |     8 ||    33
       Bite              |     4 |       ||     4
       Falchion          |     2 |       ||     2
Invok: Animate Remains   |     1 |       ||     1
  Use: Potion            |     1 |       ||     1
Armor: Leather armour    |     8 |       ||     8
Dodge: Dodged            |    31 |     1 ||    32

Table legend:
 A = Spawn XP
 B = Non-spawn XP
 C = Spawn XP percentage of total XP
 D = Spawn monster count
 E = Non-spawn monster count
 F = Spawn count percentage of total count
 G = Total turns spent on level
                    A         B        C        D         E        F      G
               +---------+---------+-------+---------+---------+-------+---------
         Total |       0 |     155 |   0.0 |       0 |      15 |   0.0 |   213
               +---------+---------+-------+---------+---------+-------+---------
             D |       0 |     155 |   0.0 |       0 |      15 |   0.0 |   213
               +---------+---------+-------+---------+---------+-------+---------
